 Dungeon Crawl Stone Soup version 0.27-a0-1555-g0e7b3fb1d2 (webtiles) character file.

Game seed: 53508315453485138

49 Sin92 the Skirmisher (level 3, -5/29 HPs)
             Began as a Demonspawn Fighter on July 15, 2021.
             Slain by a gnoll (8 damage)
             ... on level 2 of the Dungeon.
             The game lasted 00:01:21 (1485 turns).

Sin92 the Skirmisher (Demonspawn Fighter)           Turns: 1485, Time: 00:01:22

Health: -5/29      AC:  6    Str: 17    XL:     3   Next: 51%
Magic:  3/3        EV:  7    Int:  9    God:
Gold:   55         SH: 10    Dex: 14    Spells: 2/2 levels left

rFire    . . .     SeeInvis .   i - +3 whip "Ziuske" {flame, rPois rC+ Dex+2}
rCold    + . .     Faith    .   c - +1 kite shield
rNeg     + . .     Spirit   .   b - +0 scale mail
rPois    +         Reflect  .   (no helmet)
rElec    .         Harm     .   (no cloak)
rCorr    .         Rampage  .   (no gloves)
Will     .....                  (no boots)
Stlth    ..........             (no amulet)
HPRegen  0.09/turn              f - ring of positive energy
MPRegen  0.08/turn              (no ring)

@: no status effects
A: demonic magic 1
a: no special abilities


You were on level 2 of the Dungeon.
You visited 1 branch of the dungeon, and saw 2 of its levels.

You collected 55 gold pieces.

Inventory:

Hand Weapons
 a - a +0 trident
 i - the +3 whip "Ziuske" (weapon) {flame, rPois rC+ Dex+2}
   (You found it on level 1 of the Dungeon)

   It burns those it strikes, dealing additional fire damage.
   Dex:       It affects your dexterity (+2).
   rC:        It protects you from cold.
   rPois:     It protects you from poison.
Armour
 b - a +0 scale mail (worn)
 c - a +1 kite shield (worn)
Jewellery
 e - a ring of flight
 f - a ring of positive energy (left hand)
Wands
 j - a wand of acid (4)
Potions
 d - a potion of might
 g - a potion of resistance {unknown}
 h - a potion of haste {unknown}
 k - a potion of curing {unknown}
 l - 2 potions of lignification {unknown}
 m - a potion of magic {unknown}
 n - a potion of heal wounds {unknown}


   Skills:
 + Level 3.2 Fighting
 * Level 1.3 Maces & Flails
 + Level 2.2 Polearms
 + Level 2.9 Armour
 + Level 0.7 Dodging
 + Level 2.9 Shields


You had 2 spell levels left.
You didn't know any spells.
Your spell library was empty.

Dungeon Overview and Level Annotations

Branches:
Dungeon (2/15)

Altars:


Innate Abilities, Weirdness & Mutations

Spells you cast may paralyse adjacent enemies.


Message History

Unknown command.
There are monsters nearby!
You hit the adder. You burn the adder.
The adder is severely wounded.
You block the adder's attack. x2
Unknown command.
There are monsters nearby!
You hit the adder. You burn the adder.
You kill the adder!
The gnoll throws a throwing net.
The throwing net hits you.
You become entangled in the net!
Unknown command.
There are monsters nearby!
You are held in a net!
Unknown command.
As you read the scroll labelled AKHLEN RUWOXUIFE, it crumbles to dust.
It is a scroll of enchant armour.
Your +0 kite shield glows green for a moment.
The gnoll hits you with a +0 club. The gnoll hits you but does no damage.
You tear a large gash into the net.
The gnoll hits you with a +0 club.
The gnoll hits you from afar with a +0 halberd!
Unknown command.
You struggle against the net.
The gnoll hits you but does no damage. The gnoll completely misses you.
Unknown command.
You rip the net and break free!
The gnoll throws a throwing net.
The throwing net hits you.
You become entangled in the net!
The gnoll hits you from afar with a +0 halberd.
Unknown command.
You struggle against the net.
The gnoll barely misses you. The gnoll completely misses you.
Unknown command.
You struggle against the net.
The gnoll hits you with a +0 club. x2
* * * LOW HITPOINT WARNING * * *
The gnoll hits you from afar with a +0 halberd.
* * * LOW HITPOINT WARNING * * *
Unknown command.
You rip the net and break free!
You block the gnoll's attack.
The gnoll hits you from afar with a +0 halberd!
You die...

#+# ###.###
.....# ###.#.###
#(....@g# #
#.....#g#
#.##.>...#.gg
###........####.♣
.........### ..
######.#.# ..
###.# . #.#
######## #.#


You could see 4 gnolls.

Vanquished Creatures
  An adder (D:2)
  A dart slug (D:1)
  5 endoplasms
  A giant cockroach (D:2)
  2 goblins (D:1)
  2 hobgoblins
  6 jackals
  4 kobolds (D:1)
  2 ball pythons (D:1)
  6 bats
  A frilled lizard (D:1)
  4 rats
35 creatures vanquished.

Notes
Turn   | Place    | Note
-------+----------+-------------------------------------------
     0 | D:1      | Sin92 the Demonspawn Fighter began the quest for the Orb.
     0 | D:1      | Reached XP level 1. HP: 18/18 MP: 1/1
   176 | D:1      | Found a faded altar of an unknown god.
   232 | D:1      | Gained mutation: Spells you cast may paralyse adjacent
                  | enemies. [demonic ancestry]
   232 | D:1      | Reached XP level 2. HP: 24/24 MP: 2/2
   233 | D:1      | Identified the +3 whip "Ziuske" {flame, rPois rC+ Dex+2}
  1095 | D:2      | Reached skill level 1 in Maces & Flails
  1095 | D:2      | Reached XP level 3. HP: 29/29 MP: 3/3
  1485 | D:2      | Slain by a gnoll

Illustrated notes

Levels and vault maps discovered:
D:1:      sevenhm_arrival_forest_fort_large_4, layout_loops_cross,
          hellmonk_ecumenical_altar_lost_god, glass_columns_a, amethyst_killhole
D:2:      minmay_chambers_of_ones, layout_loops_corners, serial_forest,
          infiniplex_forest_clump_diagonal, infiniplex_forest_lined_room_2,
          infiniplex_forest_clump_small, infiniplex_forest_clump_small,
          infiniplex_forest_lined_room_3, infiniplex_forest_straight_4,
          infiniplex_forest_straight_3, serial_shops, shop

Skill      XL: |  1  2 |
---------------+-------+-----
Polearms       | 2 |  2.2
Maces & Flails | 1 |  1.3
Fighting       | |  3.2
Armour         | |  2.9
Dodging        | |  0.7
Shields        | |  2.9

Action                   || total
-------------------------++-------
Melee: Trident           ||    18
       Whip              ||    68
  Use: Scroll            ||     1
Armor: Scale mail        ||    42
Dodge: Dodged            ||    34
Block: Kite shield       ||    45

Table legend: (Time is in decaauts)
 A = Elapsed time spent in this place.
 B = Non-inter-level travel time spent in this place.
 C = Inter-level travel time spent in this place.
 D = Time resting spent in this place.
 E = Time spent auto-exploring this place.
 F = Levels seen in this place.
 G = Mean time per level.
                   A        B        C        D        E       F      G
               +--------+--------+--------+--------+--------+-----+--------+
         Total |   1512 |   1508 |      4 |    151 |   1146 |   2 |  756.0 |
       Dungeon |   1512 |   1508 |      4 |    151 |   1146 |   2 |  756.0 |
               +--------+--------+--------+--------+--------+-----+--------+

Top non-repeatable levels by time:
     D:1: 1110 daAuts
     D:2: 401 daAuts
